 Dungeon Crawl Stone Soup version 0.29.1-2-gbd0b4ee654 (webtiles) character file.

Game seed: 17509026333930072135

6315 Gibbon the Grappler (level 10, -3/102 HPs)
             Began as a Troll Berserker on Nov 21, 2022.
             Was an Elder of Trog.
             Slain by a gnoll sergeant
             ... wielding a +0 halberd
              (11 damage)
             ... in a bailey.
             The game lasted 00:39:39 (8408 turns).

Gibbon the Grappler (Troll Berserker)               Turns: 8408, Time: 00:39:40

Health: -3/102     AC: 12    Str: 29    XL:     10   Next: 64%
Magic:  0/9        EV: 13    Int:  3    God:    Trog [****..]
Gold:   467        SH:  0    Dex: 17    Spells: 9/9 levels left

rFire   + . .      SeeInvis .     - Unarmed
rCold   . . .      Faith    .   (no shield)
rNeg    . . .      Spirit   +   G - +2 acid dragon scales
rPois   .          Reflect  .   y - +2 hat
rElec   .          Harm     .   (no cloak)
rCorr   +          Rampage  .   (gloves unavailable)
Will    .....                   (boots unavailable)
Stlth   +.........              g - amulet of guardian spirit
HPRegen 1.07/turn               z - +6 ring of dexterity
MPRegen 0.11/turn               a - ring of protection from fire

@: weakened, on berserk cooldown, hasted and slowed
A: large, unfitting armour, claws 3, regeneration 1, shaggy fur 1, tough skin 1
a: Renounce Religion, Berserk, Trog's Hand, Brothers in Arms


You were in a bailey.
You worshipped Trog.
Trog was greatly pleased with you.
You visited 1 branch of the dungeon, and saw 9 of its levels.
You also visited: Bailey.

You collected 467 gold pieces.

Inventory:

Missiles
 d - 76 stones
 r - 3 poisoned darts
 s - 2 boomerangs (quivered)
 w - 3 silver boomerangs
 x - 4 atropa-tipped darts
 H - 6 throwing nets
Armour
 y - a +2 hat (worn)
 G - +2 acid dragon scales (worn)
Jewellery
 a - a ring of protection from fire (right claw)
 g - an amulet of guardian spirit (around neck)
 h - a ring of fire
 z - a +6 ring of dexterity (left claw)
Wands
 n - a wand of mindburst (14)
 p - a wand of flame (39)
 D - a wand of paralysis (6)
Scrolls
 b - 2 scrolls of butterflies
 i - a scroll of acquirement {unknown}
 k - 2 scrolls of enchant weapon
 o - 2 scrolls of teleportation
 t - a scroll of vulnerability {unknown}
 u - a scroll of amnesia {unknown}
 v - 3 scrolls of blinking
 C - a scroll of immolation {unknown}
 E - a scroll of silence {unknown}
 F - 2 scrolls of summoning {unknown}
Potions
 c - 2 potions of ambrosia
 e - 8 potions of curing
 f - 3 potions of might
 j - a potion of heal wounds
 m - a potion of resistance
 q - 9 potions of degeneration
 A - a potion of mutation {unknown}
 B - 2 potions of attraction {unknown}
 I - a potion of invisibility {unknown}


   Skills:
 + Level 7.6 Fighting
 + Level 6.3 Throwing
 + Level 7.3 Dodging
 + Level 9.1 Unarmed Combat


You had 9 spell levels left.
You didn't know any spells.
Your spell library was empty.

Dungeon Overview and Level Annotations

Branches:
Dungeon (9/15)             Temple (0/1) D:4            Lair (0/5) D:9
 Bailey (1/1)
    Orc: D:9-12

Altars:
Hepliaklqana
Okawaru
Qazlal
Uskayaw
Wu Jian
Yredelemnul
Zin
The Shining One

Shops:
D:2 ::   D:5 *   D:8 (


Innate Abilities, Weirdness & Mutations

You are too large for most types of armour.
You have claws for hands.
Your natural rate of healing is unusually fast.
You are covered in fur. (AC +1)
You have tough skin. (AC +1)


Message History

There is an open door here.
You claw the wolf!
The wolf is almost dead.
The wolf barely misses you. x2
The gnoll sergeant hits you but does no damage.
The wolf attacks as you move away! The wolf bites you but does no damage.
You feel a strong urge to attack something.
The wolf bites you but does no damage. The gnoll sergeant closely misses you.
The wolf completely misses you. The gnoll bouda closely misses you.
The gnoll sergeant misses you. The gnoll sergeant barely misses you.
There is an open door here.
You are no longer berserk.
You are exhausted.
You feel yourself slow down. The wolf bites you but does no damage.
The wolf bites you.
* * * LOW HITPOINT WARNING * * *
You scratch the wolf but do no damage. The wolf bites you but does no damage.
The gnoll sergeant closely misses you. The wolf bites you but does no damage.
The wolf closely misses you.
The gnoll sergeant hits you but does no damage.
The wolf bites you.
* * * LOW HITPOINT WARNING * * *
You feel much better.
Your attacks no longer feel as feeble.
The wolf misses you. The wolf bites you. x2
The gnoll sergeant barely misses you. The wolf bites you!
* * * LOW HITPOINT WARNING * * *
The wolf bites you!
* * * LOW HITPOINT WARNING * * *
You feel yourself speed up. The wolf bites you but does no damage.
The wolf closely misses you.
The gnoll sergeant hits you from afar with a +0 halberd.
* * * LOW HITPOINT WARNING * * *
The wolf barely misses you. The wolf bites you.
* * * LOW HITPOINT WARNING * * *
The gnoll bouda gazes fiercely through you!
You feel your attacks grow feeble. The wolf misses you.
The gnoll sergeant hits you from afar with a +0 halberd!
You die...

♣♣♣♣♣♣♣♣♣♣♣♣♣♣♣♣♣♣♣
♣♣≈≈≈≈≈≈≈≈≈≈≈≈≈≈≈≈≈♣♣
♣≈≈...............≈≈♣
♣≈.................≈♣
♣≈..#####...#####..≈♣
♣≈.##...#...#g..##.≈♣
♣≈##..).'..hhgg..##≈♣
♣≈#.)...#..@#.....#≈♣
♣≈#8....##'##gg..8#≈♣
♣ #....##...##g...# ♣
#...##.....##.g.#
#...#.......#...#
###'#...8...#...#
♣≈#...#.......# ..#
♣≈#.).##..)).## ..#≈♣
♣≈#.).)##.).## ≈♣


You could see 2 gnoll sergeants, 2 wolves and a gnoll bouda (swift).

Vanquished Creatures
  A two-headed ogre (D:9)
  A hornet (D:8)
  The ghost of FizzleBangTC the Digger, an amateur MeEE of Kikubaaqudgha (D:5)
  8 yaks
  Menkaure (D:5)
  Duvessa (D:7)
  An acid dragon (D:8)
  A water moccasin (D:5)
  2 orc warriors
  2 black bears
  3 ice beasts
  2 ogres
  2 centaurs
  2 wolves (Bailey)
  2 phantoms (D:5)
  Blork the orc (D:6)
  3 necrophages
  5 gnoll sergeants
  5 bullfrogs
  4 scorpions
  8 wights
  Dowan (D:7)
  2 howler monkeys
  3 hounds
  3 orc priests
  3 gnoll boudas (Bailey)
  2 iguanas (D:5)
  3 orc wizards
  Terence (D:3)
  7 adders
  24 gnolls
  3 white imps
  An ufetubus (D:6)
  3 worms
  2 dart slugs
  35 orcs
  3 endoplasms
  3 giant cockroaches
  8 goblins
  7 hobgoblins
  2 jackals (D:3)
  10 kobolds
  6 quokkas
  8 ball pythons
  4 bats
  8 rats
208 creatures vanquished.

Notes
Turn   | Place    | Note
-------+----------+-------------------------------------------
     0 | D:1      | Gibbon the Troll Berserker began the quest for the Orb.
     0 | D:1      | Reached XP level 1. HP: 22/22 MP: 0/0
    78 | D:1      | Reached XP level 2. HP: 29/29 MP: 1/1
   602 | D:1      | Found a faded altar of an unknown god.
   755 | D:2      | Found a basalt altar of Yredelemnul.
   846 | D:2      | Reached XP level 3. HP: 36/36 MP: 2/2
   896 | D:2      | Reached ** piety under Trog
   907 | D:2      | Found Siggukhe's Book Boutique.
   957 | D:2      | Found Woung's Book Boutique.
  1728 | D:3      | Found a glowing golden altar of the Shining One.
  1875 | D:3      | Noticed Terence
  1892 | D:3      | Killed Terence
  1893 | D:3      | Reached XP level 4. HP: 14/45 MP: 1/3
  2117 | D:4      | Noticed an ogre
  2117 | D:4      | Found a stormy altar of Qazlal.
  2339 | D:4      | Reached skill level 4 in Unarmed Combat
  2593 | D:4      | Found a staircase to the Ecumenical Temple.
  2624 | D:4      | Killed an ogre
  2625 | D:4      | Reached skill level 1 in Throwing
  2625 | D:4      | Reached XP level 5. HP: 53/53 MP: 4/4
  3260 | D:4      | Found a glowing silver altar of Zin.
  3420 | D:5      | Entered Level 5 of the Dungeon
  3431 | D:5      | Reached XP level 6. HP: 62/62 MP: 5/5
  3520 | D:5      | Found Filyoc's Assorted Antiques.
  3611 | D:5      | Noticed an ice beast
  3611 | D:5      | Noticed Menkaure
  3652 | D:5      | Killed an ice beast
  3659 | D:5      | Killed Menkaure
  3660 | D:5      | Reached skill level 5 in Unarmed Combat
  3660 | D:5      | Reached XP level 7. HP: 48/70 MP: 2/6
  3797 | D:5      | Found a runed translucent gate.
  3812 | D:5      | Found a runed translucent gate.
  3813 | D:5      | Found a runed translucent gate.
  3820 | D:5      | Noticed FizzleBangTC's ghost (amateur MeEE)
  3822 | D:5      | Identified the +1 leather armour of Itinyq {Will++ MP-9
                  | Dex+5}
  3865 | D:5      | Killed FizzleBangTC's ghost
  4298 | D:5      | Reached XP level 8. HP: 79/79 MP: 5/7
  4537 | D:5      | Reached skill level 5 in Fighting
  4537 | D:5      | Reached skill level 6 in Unarmed Combat
  4806 | D:6      | Reached *** piety under Trog
  4952 | D:6      | Reached skill level 5 in Dodging
  5180 | D:6      | Reached skill level 7 in Unarmed Combat
  5183 | D:6      | Found a hazy altar of Hepliaklqana.
  5252 | D:6      | Noticed Blork the orc
  5259 | D:6      | Killed Blork the orc
  5346 | D:6      | Found an iron altar of Okawaru.
  5358 | D:6      | Found a basalt altar of Yredelemnul.
  5374 | D:6      | Reached XP level 9. HP: 89/89 MP: 8/8
  5495 | D:6      | Found a hide-covered altar of Uskayaw.
  5821 | D:7      | Noticed Duvessa
  5821 | D:7      | Noticed Dowan
  5834 | D:7      | Killed Dowan
  5835 | D:7      | Killed Duvessa
  6851 | D:8      | Reached skill level 8 in Unarmed Combat
  6855 | D:8      | Reached skill level 5 in Throwing
  7262 | D:8      | Found an ornate altar of the Wu Jian Council.
  7300 | D:8      | Reached XP level 10. HP: 62/98 MP: 4/9
  7681 | D:8      | Found Rumoojept's Antique Weapon Boutique.
  8006 | D:9      | Reached **** piety under Trog
  8021 | D:9      | Found a flagged portal.
  8029 | D:9      | Noticed a two-headed ogre
  8041 | D:9      | Killed a two-headed ogre
  8042 | D:9      | Reached skill level 9 in Unarmed Combat
  8072 | Bailey   | Entered a bailey
  8330 | Bailey   | Identified the +7 shortbow of Impatience {flame, Dex+4}
  8408 | Bailey   | Slain by a gnoll sergeant

Illustrated notes

Levels and vault maps discovered:
D:1:      minmay_arrival_shoal_huts, layout_rooms,
          hellmonk_ecumenical_altar_leap_of_faith
D:2:      layout_loops_ring, serial_shops, nicolae_shop_behind_doors, shop,
          basic_altar
D:3:      wander_river, layout_rooms, tso_altar, amethyst_killhole, uniq_terence
D:4:      layout_loops_ring, overflow_temple_1_default, zin_academy,
          minmay_temple_entry_nine_rooms
D:5:      layout_layer_cave, biasface_ghost_orc_armoury, nicolae_stop_n_shop_1,
          st_stairs_5, grunt_ministairs_14, uniq_menkaure
D:6:      layout_basic, grunt_temple_overflow_open, grunt_ministairs_3,
          hangedman_feature_mirror, uniq_blork_the_orc
D:7:      layout_basic, uniq_duvessa
D:8:      layout_basic, nicolae_wu_jian_wuxing_cycle, serial_shops,
          nicolae_take_the_stairs
D:9:      layout_cross, erik_lair_orcish_takeover, serial_park,
          serial_park_tiny_2, serial_park_tiny_pond, serial_park_gazebo
          [serial_park_minivault_5x5_2], enter_bailey_7
Bailey:   bailey_polearm_gnolls_kennysheep, bailey

Skill      XL: |  1  2  3  4  5  6  7  8  9 10 |
---------------+-------------------------------+-----
Fighting       | 3 4 5 6 7 |  7.6
Dodging        | 3 4 5 6 7 |  7.3
Unarmed Combat | 4 5 7 8 9 |  9.1
Throwing       | 1 2 3 5 6 |  6.3

Action                   |  1- 3 |  4- 6 |  7- 9 | 10-12 || total
-------------------------+-------+-------+-------+-------++-------
Melee: Unarmed           |   123 |   103 |   227 |   139 ||   592
       Punch             |     1 |     4 |     8 |     6 ||    19
Throw: Stone             |       |     7 |       |       ||     7
       Boomerang         |       |     8 |    19 |     7 ||    34
Invok: Berserk           |     2 |     7 |     8 |     4 ||    21
       Trog's Hand       |     1 |     2 |     1 |       ||     4
Evoke: Wand              |       |       |       |     2 ||     2
  Use: Scroll            |     4 |     2 |     8 |     3 ||    17
       Potion            |     2 |       |       |     2 ||     4
 Stab: Sleeping          |       |       |     2 |       ||     2
Armor: Animal skin       |    43 |    31 |    54 |       ||   128
       Acid dragon scale |       |       |       |    58 ||    58
Dodge: Dodged            |    53 |    44 |   117 |   126 ||   340
